 Dungeon Crawl Stone Soup version 0.28.0-43-g3370ac3207 (webtiles) character file.

Game seed: 9035456302219313764

107 Kniotic the Insei (level 4, 0/35 HPs)
             Began as a Demonspawn Monk on Mar 14, 2022.
             Killed from afar by a dart slug (4 damage)
             ... with a slug dart
             ... on level 2 of the Dungeon.
             The game lasted 00:02:30 (2000 turns).

Kniotic the Insei (Demonspawn Monk)                 Turns: 2000, Time: 00:02:30

Health: 0/35       AC:  3    Str: 11    XL:     4   Next: 57%
Magic:  4/4        EV: 13    Int: 11    God:
Gold:   16         SH:  0    Dex: 18    Spells: 3/3 levels left

rFire   . . .      SeeInvis .     - Unarmed
rCold   . . .      Faith    .   (no shield)
rNeg    . . .      Spirit   .   a - +0 robe
rPois   .          Reflect  .   (no helmet)
rElec   .          Harm     .   (no cloak)
rCorr   .          Rampage  .   b - +0 pair of gloves
Will    .....                   (no boots)
Stlth   ++........              (no amulet)
HPRegen 0.11/turn               (no ring)
MPRegen 0.09/turn               (no ring)

@: no status effects
A: powered by pain 2
a: no special abilities


You were on level 2 of the Dungeon.
You visited 1 branch of the dungeon, and saw 2 of its levels.

You collected 16 gold pieces.

Inventory:

Armour
 a - a +0 robe (worn)
 b - a +0 pair of gloves (worn)
Scrolls
 c - a scroll of silence {unknown}
 d - a scroll of identify {unknown}
 e - a scroll of noise {unknown}
 f - a scroll of enchant weapon {unknown}
 g - 2 scrolls of teleportation {unknown}
 h - a scroll of torment {unknown}


   Skills:
 - Level 3.0 Fighting
 - Level 2.6 Dodging
 - Level 1.7 Stealth
 + Level 4.9 Unarmed Combat


You had 3 spell levels left.
You didn't know any spells.
Your spell library contained the following spells:

 Spells                   Type           Power      Damage    Failure   Level
 Frozen Ramparts          Ice            0%         1d2       71%         3
 Ice Form                 Ice/Tmut       0%         N/A       98%         4
 Summon Ice Beast         Ice/Summ       0%         N/A       98%         4


Dungeon Overview and Level Annotations

Branches:
Dungeon (2/15)

Altars:


Innate Abilities, Weirdness & Mutations

You sometimes gain power by taking damage.


Message History

Terence is lightly wounded.
Terence barely misses you.
You hit Terence but do no damage.
Terence is lightly wounded.
Terence hits you with a +0 flail!
* * * LOW HITPOINT WARNING * * *
You hit Terence but do no damage.
Terence is lightly wounded.
Terence hits you with a +0 flail.
* * * LOW HITPOINT WARNING * * *
You hit Terence.
Terence is moderately wounded.
Terence barely misses you.
You hit Terence.
Terence is severely wounded.
Terence barely misses you.
You hit Terence but do no damage.
Terence is severely wounded.
Terence misses you.
You hit Terence.
Terence is almost dead.
Terence hits you but does no damage.
You hit Terence.
Terence is almost dead.
You barely miss Terence.
Terence is almost dead.
Terence barely misses you.
You closely miss Terence.
Terence is almost dead.
Terence closely misses you.
You closely miss Terence.
Terence is almost dead.
Terence closely misses you.
You hit Terence.
You kill Terence!
The dart slug launches a dart at you.
The slug dart hits you but does no damage.
The dart slug launches a dart at you. The slug dart hits you.
You die...

#...# #....>....
#.#.# #..†......
##.#.# #.........
#..#.# #.........
#.##(### #.........
###.##...#
###.........
##..####.###
#w.......... #..##
#...# #)###.......
#.## ###.#####@#
....##. #.#
###...<....#.####.#
#.#####....###.....#
.#
........##.###(#####
# .......###.....#
........###..###
.....>.)......#
..............#
..............#


You could see a dart slug.

Vanquished Creatures
  Terence (D:2)
  Natasha (D:2)
  An adder (D:2)
  3 dart slugs
  2 endoplasms (D:1)
  2 giant cockroaches
  4 hobgoblins (D:1)
  4 jackals (D:1)
  4 kobolds (D:1)
  4 quokkas
  5 ball pythons
  3 bats
  A frilled lizard (D:1)
  4 goblins
  2 rats
41 creatures vanquished.

Notes
Turn   | Place    | Note
-------+----------+-------------------------------------------
     0 | D:1      | Kniotic the Demonspawn Monk began the quest for the Orb.
     0 | D:1      | Reached XP level 1. HP: 18/18 MP: 1/1
   226 | D:1      | Reached skill level 3 in Unarmed Combat
   331 | D:1      | Found a faded altar of an unknown god.
   331 | D:1      | Noticed a hell beast
   419 | D:1      | Gained mutation: You sometimes gain a little power by
                  | taking damage. [demonic ancestry]
   419 | D:1      | Reached XP level 2. HP: 10/24 MP: 2/2
  1175 | D:1      | Reached XP level 3. HP: 28/29 MP: 3/3
  1503 | D:2      | Noticed Natasha
  1512 | D:2      | Killed Natasha
  1513 | D:2      | Reached skill level 4 in Unarmed Combat
  1743 | D:2      | Gained mutation: You sometimes gain power by taking damage.
                  | [demonic ancestry]
  1743 | D:2      | Reached XP level 4. HP: 34/35 MP: 4/4
  1962 | D:2      | Noticed Terence
  1999 | D:2      | Killed Terence
  2000 | D:2      | Killed from afar by a dart slug

Illustrated notes

Levels and vault maps discovered:
D:1:      dpeg_arrival_renting, layout_loops_corners,
          dreamdust_ecumenical_altar_sealed_demon
D:2:      layout_rooms, uniq_natasha, uniq_terence

Skill      XL: |  1  2  3 |
---------------+----------+-----
Unarmed Combat | 3 4 |  4.9
Fighting       | |  3.0
Dodging        | |  2.6
Stealth        | |  1.7

Action                   |  1- 3 |  4- 6 || total
-------------------------+-------+-------++-------
Melee: Unarmed           |   125 |    44 ||   169
       Punch             |     3 |     1 ||     4
 Stab: Sleeping          |     8 |     1 ||     9
Armor: Robe              |    27 |    10 ||    37
Dodge: Dodged            |    84 |    24 ||   108
